 Dungeon Crawl Stone Soup version 0.19.0-22-gd96e5fe (webtiles) character file.

237676 magipi the Brawler (level 18, -1/191 HPs)
             Began as a Troll Hunter on Nov 18, 2016.
             Was a High Priest of Okawaru.
             Slain by a phantasmal warrior (16 damage)
             ... led by a death knight
             ... on level 1 of the Vaults on Nov 19, 2016.
             The game lasted 03:31:15 (37962 turns).

magipi the Brawler (Troll Hunter)                  Turns: 37962, Time: 03:31:16

Health: -1/191     AC: 13    Str: 27    XL:     18   Next: 54%
Magic:  27/27      EV: 21    Int: 10    God:    Okawaru [*****.]
Gold:   756        SH: 14    Dex: 16    Spells: 0 memorised, 17 levels left

rFire  + . .     SeeInvis .       - Unarmed
rCold  + . .     Gourm    +     p - +2 robe {rC+ rF+}
rNeg   + . .     Faith    .     u - +0 shield {rN+}
rPois  +         Spirit   .     J - +2 hat {Int+3}
rElec  .         Reflect  .     y - +2 cloak {rPois}
rCorr  +         Harm     .     (gloves unavailable)
MR     +....                    (boots unavailable)
Stlth  ++++......               r - amulet of Vitality {Regen+ HP+15}
                                W - ring of resist corrosion
                                m - ring of protection from magic

@: vulnerable, heroism, very slightly contaminated
A: unfitting armour, claws 3, camouflage 1, fast metabolism 3, gourmand,
regeneration 1, shaggy fur 1, strong 1, tough skin 2
a: Heroism, Finesse, Renounce Religion
}: 2/15 runes: decaying, serpentine


You were on level 1 of the Vaults.
You worshipped Okawaru.
Okawaru was extremely pleased with you.
You were not hungry.

You visited 7 branches of the dungeon, and saw 33 of its levels.
You also visited: Bailey and Ice Cave.

You collected 3075 gold pieces.
You spent 2319 gold pieces at shops.

Notes
Turn   | Place    | Note
-------+----------+-------------------------------------------
     0 | D:1      | magipi the Troll Hunter began the quest for the Orb.
     0 | D:1      | Reached XP level 1. HP: 19/19 MP: 0/0
   110 | D:1      | Reached skill level 1 in Unarmed Combat
   143 | D:1      | Reached XP level 2. HP: 27/27 MP: 1/1
   249 | D:1      | Reached skill level 2 in Unarmed Combat
   264 | D:1      | Reached XP level 3. HP: 25/33 MP: 2/2
   760 | D:2      | Reached XP level 4. HP: 41/41 MP: 3/3
   824 | D:2      | Reached skill level 3 in Unarmed Combat
  1368 | D:2      | Found a burning altar of Makhleb.
  1374 | D:2      | Reached XP level 5. HP: 48/48 MP: 4/4
  1494 | D:3      | Reached skill level 4 in Unarmed Combat
  1681 | D:3      | Found a shattered altar of Ashenzari.
  1997 | D:4      | Reached XP level 6. HP: 53/55 MP: 5/5
  2242 | D:4      | Found a staircase to the Ecumenical Temple.
  2262 | D:4      | Reached skill level 5 in Throwing
  2262 | D:4      | Reached skill level 5 in Unarmed Combat
  2285 | Temple   | Entered the Ecumenical Temple
  2324 | Temple   | Became a worshipper of Warmaster Okawaru
  2336 | D:4      | Noticed a slave
  2482 | D:4      | Noticed Robin
  2499 | D:4      | Killed Robin
  2599 | D:4      | Noticed a slave
  2733 | D:5      | Entered Level 5 of the Dungeon
  2769 | D:5      | Reached skill level 6 in Unarmed Combat
  2769 | D:5      | Reached XP level 7. HP: 57/62 MP: 6/6
  3044 | D:5      | Noticed Menkaure
  3056 | D:5      | Killed Menkaure
  3056 | D:5      | Reached * piety under Okawaru
  3096 | D:5      | Reached skill level 7 in Unarmed Combat
  3165 | D:5      | Noticed dscm's ghost (novice OpFi)
  3213 | D:5      | Killed dscm's ghost
  3213 | D:5      | Reached ** piety under Okawaru
  3213 | D:5      | Reached skill level 8 in Unarmed Combat
  3213 | D:5      | Reached XP level 8. HP: 45/75 MP: 7/7
  3330 | D:5      | Found a hide-covered altar of Uskayaw.
  3331 | D:5      | Found a glowing silver altar of Zin.
  3785 | D:5      | Found a basalt altar of Yredelemnul.
  3872 | D:6      | Reached skill level 9 in Unarmed Combat
  3886 | D:6      | Noticed Grinder
  3887 | D:6      | Paralysed by Grinder for 3 turns
  3910 | D:6      | Paralysed by Grinder for 6 turns
  3916 | D:6      | Killed Grinder
  4122 | D:6      | Found a runed door.
  4126 | D:6      | Noticed Crazy Yiuf
  4127 | D:6      | Killed Crazy Yiuf
  4127 | D:6      | Reached *** piety under Okawaru
  4341 | D:6      | Reached XP level 9. HP: 85/85 MP: 8/8
  4446 | D:6      | Noticed dobroeutro's ghost (amateur CeFi)
  4474 | D:6      | Killed dobroeutro's ghost
  4474 | D:6      | Reached skill level 10 in Unarmed Combat
  4935 | D:7      | Reached skill level 5 in Fighting
  5016 | D:7      | Found Regak's Magic Scroll Shoppe.
  5595 | D:7      | Reached skill level 11 in Unarmed Combat
  5794 | D:7      | Bought a scroll of identify for 26 gold pieces
  5794 | D:7      | Bought a scroll of identify for 26 gold pieces
  5794 | D:7      | Bought a scroll of identify for 26 gold pieces
  5794 | D:7      | Bought a scroll of remove curse for 39 gold pieces
  5939 | D:8      | Reached **** piety under Okawaru
  5943 | D:8      | Found a staircase to the Lair.
  5968 | D:8      | Noticed Psyche
  5980 | D:8      | Killed Psyche
  6124 | D:8      | Reached XP level 10. HP: 98/98 MP: 9/9
  6657 | D:8      | Found Vyiwamume's Armour Shoppe.
  6748 | D:8      | Received a gift from Okawaru
  6748 | D:8      | Reached skill level 12 in Unarmed Combat
  6748 | D:8      | Reached skill level 1 in Invocations
  6786 | D:8      | Found an ancient bone altar of Kikubaaqudgha.
  7007 | D:9      | Found a radiant altar of Vehumet.
  7033 | D:9      | Reached skill level 1 in Evocations
  7050 | D:9      | Found a staircase to the Orcish Mines.
  7068 | D:9      | Gained mutation: Your muscles are strong. (Str +2) [potion of beneficial mutation]
  7174 | D:9      | Received a gift from Okawaru
  7192 | D:9      | Reached ***** piety under Okawaru
  7307 | D:9      | Found a blossoming altar of Fedhas.
  7679 | D:10     | Entered Level 10 of the Dungeon
  7759 | D:10     | Noticed Kenran's ghost (journeyman DgTm)
  7809 | D:10     | Killed Kenran's ghost
  8094 | Lair:1   | Entered Level 1 of the Lair of Beasts
  8196 | Lair:1   | Noticed a spiny frog
  8204 | Lair:1   | Killed a spiny frog
  8204 | Lair:1   | Reached XP level 11. HP: 101/109 MP: 12/12
  9115 | Lair:2   | Noticed a six-headed hydra
  9225 | Lair:2   | Received a gift from Okawaru
  9716 | Lair:2   | Found a staircase to the Swamp.
  9883 | Lair:3   | Noticed dobroeutro's ghost (journeyman SpAs)
  9907 | Lair:3   | Killed dobroeutro's ghost
  9907 | Lair:3   | Reached skill level 5 in Evocations
  9978 | Lair:3   | Reached skill level 5 in Dodging
 10068 | Lair:3   | Received a gift from Okawaru
 10071 | Lair:3   | Got a tattered robe {god gift}
 10072 | Lair:3   | Identified the +0 robe "Segica" {Regen+ Str-2 Dex+5} (Okawaru gifted it to you on level 3 of the Lair of Beasts)
 10094 | Lair:3   | Reached ****** piety under Okawaru
 10348 | Lair:4   | Noticed a death yak
 10498 | Lair:3   | Killed a death yak
 10498 | Lair:3   | Reached XP level 12. HP: 51/123 MP: 12/15
 10840 | Lair:3   | Found a staircase to the Snake Pit.
 12476 | Lair:5   | Received a gift from Okawaru
 12506 | Lair:6   | Entered Level 6 of the Lair of Beasts
 12567 | Lair:6   | Noticed a five-headed hydra
 12599 | Lair:6   | Noticed an eight-headed hydra
 12604 | Lair:5   | Reached skill level 10 in Fighting
 13453 | Lair:6   | Killed an eight-headed hydra
 13464 | Lair:6   | Noticed a catoblepas
 13532 | Lair:5   | Reached XP level 13. HP: 72/133 MP: 17/17
 13905 | Lair:6   | Found a staircase to the Slime Pits.
 14080 | Lair:6   | Received a gift from Okawaru
 14085 | Lair:6   | Got a fabulously ornate robe {god gift}
 14086 | Lair:6   | Identified the +0 robe of the Burgomaster {rC+ Dex+7} (Okawaru gifted it to you on level 6 of the Lair of Beasts)
 15894 | D:4      | Noticed Pikel
 15923 | D:4      | Killed Pikel
 15967 | D:4      | Noticed Eustachio
 15977 | D:4      | Killed Eustachio
 16070 | D:4      | Identified a -1 rod of shadows (10/10) (You took it off a spriggan on level 6 of the Lair of Beasts)
 16708 | D:11     | Noticed Harold
 16725 | D:11     | Killed Harold
 17385 | D:12     | Found a flagged portal.
 17412 | Bailey   | Entered a bailey
 17482 | Bailey   | Found an iron altar of Okawaru.
 17739 | D:12     | Received a gift from Okawaru
 18105 | D:12     | Found a runed door.
 18272 | Orc:1    | Entered Level 1 of the Orcish Mines
 18917 | Orc:2    | Entered Level 2 of the Orcish Mines
 18926 | Orc:2    | Found a staircase to the Elven Halls.
 18942 | Orc:2    | Reached XP level 14. HP: 143/143 MP: 19/19
 18951 | Orc:2    | Found a frozen archway.
 19114 | IceCv    | Entered an ice cave
 19153 | IceCv    | Noticed Azzok's ghost (journeyman GrFi)
 19218 | IceCv    | Killed Azzok's ghost
 19406 | IceCv    | Got warped ice dragon scales
 19407 | IceCv    | Identified the cursed +1 ice dragon scales "Upafruth" {rF- rC++ MR++ Stlth-} (You found it in an ice cave)
 19646 | Orc:2    | Received a gift from Okawaru
 20025 | Orc:2    | Found Hotuisot's Antique Armour Emporium.
 20025 | Orc:2    | Found Liyf's Magic Scroll Shop.
 20027 | Orc:2    | Found Ynejuliq's Antique Armour Boutique.
 20029 | Orc:2    | Found Zudaalos's Magic Scroll Shoppe.
 20086 | Orc:2    | Bought a runed robe for 234 gold pieces
 20088 | Orc:2    | Bought a scroll of vulnerability for 82 gold pieces
 20088 | Orc:2    | Bought a scroll of summoning for 104 gold pieces
 20088 | Orc:2    | Bought a scroll of blinking for 82 gold pieces
 20088 | Orc:2    | Bought 2 scrolls of enchant armour for 165 gold pieces
 20363 | Orc:2    | Received a gift from Okawaru
 21038 | D:13     | Noticed Sonja
 21053 | D:13     | Killed Sonja
 21459 | D:13     | Paralysed by a hornet for 3 turns
 21463 | D:13     | Reached skill level 13 in Unarmed Combat
 21830 | D:13     | Reached skill level 10 in Throwing
 21924 | D:14     | Received a gift from Okawaru
 22025 | D:14     | Gained mutation: Your skin changes colour to match your surroundings (Stealth+). [potion of beneficial mutation]
 22611 | D:14     | Reached skill level 10 in Evocations
 22782 | D:14     | Found a gate to the Vaults.
 23217 | D:15     | Entered Level 15 of the Dungeon
 23381 | D:15     | Found Umniropt's Assorted Antiques.
 23431 | D:15     | Bought a bronze ring for 180 gold pieces
 23431 | D:15     | Bought a scroll of teleportation for 108 gold pieces
 23431 | D:15     | Bought a scroll of identify for 72 gold pieces
 23485 | D:15     | Received a gift from Okawaru
 23485 | D:15     | Reached skill level 1 in Shields
 23724 | D:15     | Reached XP level 15. HP: 146/149 MP: 21/21
 23956 | D:15     | Noticed a fire giant
 24310 | D:15     | Killed a fire giant
 24327 | D:15     | Found a staircase to the Depths.
 24620 | Snake:1  | Entered Level 1 of the Snake Pit
 24620 | Snake:1  | Noticed Azrael
 24699 | Snake:1  | Noticed Asterion
 24701 | Snake:1  | Killed Azrael
 24813 | Snake:1  | Noticed an Executioner
 24819 | Lair:3   | Killed Asterion
 24885 | Snake:1  | Noticed Nikola
 24916 | Lair:3   | Killed Nikola
 24916 | Lair:3   | Reached skill level 5 in Shields
 25378 | Snake:1  | Noticed Kirke
 25426 | Snake:1  | Killed Kirke
 26114 | Snake:1  | Received a gift from Okawaru
 26127 | Snake:1  | Received a gift from Okawaru
 26441 | Snake:1  | Noticed Frances
 26459 | Snake:1  | Killed Frances
 26538 | Snake:1  | Received a gift from Okawaru
 27005 | Snake:2  | Noticed Agnes
 27261 | Snake:2  | Noticed a nagaraja
 27277 | Snake:2  | Found Buozoxt's Food Boutique.
 27294 | Snake:2  | Found Ovirawkups's Assorted Antiques.
 27297 | Snake:2  | Found Postracko's Jewellery Boutique.
 27313 | Snake:2  | Killed a nagaraja
 27313 | Snake:2  | Reached skill level 14 in Unarmed Combat
 27368 | Snake:2  | Killed Agnes
 27388 | Snake:2  | Bought the amulet of Vitality {Regen+ HP+15} for 555 gold pieces
 27388 | Snake:2  | Bought the ring "Zumeati" {+Inv rElec rF+ Str-3 Dex-3} for 501 gold pieces
 27425 | Snake:2  | Bought a scroll of magic mapping for 119 gold pieces
 27540 | Snake:2  | Reached XP level 16. HP: 83/158 MP: 20/23
 28695 | Snake:3  | Received a gift from Okawaru
 28879 | Snake:4  | Entered Level 4 of the Snake Pit
 29519 | Snake:4  | Received a gift from Okawaru
 29647 | Snake:4  | Reached skill level 15 in Unarmed Combat
 29804 | Snake:4  | Received a gift from Okawaru
 31250 | Snake:4  | Received a gift from Okawaru
 31605 | Snake:4  | Reached skill level 16 in Unarmed Combat
 31968 | Snake:4  | Reached XP level 17. HP: 161/166 MP: 25/25
 32335 | Snake:4  | Received a gift from Okawaru
 32669 | Snake:4  | Received a gift from Okawaru
 32768 | Snake:4  | Reached skill level 10 in Dodging
 33256 | Snake:4  | Got a serpentine rune of Zot
 33380 | Snake:1  | Received a gift from Okawaru
 33452 | Snake:1  | Reached skill level 1 in Armour
 33524 | Swamp:1  | Entered Level 1 of the Swamp
 33883 | Swamp:1  | Got a tattered robe
 33884 | Swamp:1  | Identified the cursed +1 robe of Happiness {MR+ Dex+4} (You found it on level 1 of the Swamp)
 34784 | Swamp:2  | Reached skill level 5 in Armour
 35822 | Swamp:3  | Reached XP level 18. HP: 157/174 MP: 27/27
 35880 | Swamp:3  | Received a gift from Okawaru
 36127 | Swamp:4  | Entered Level 4 of the Swamp
 36381 | Swamp:4  | Received a gift from Okawaru
 36837 | Swamp:4  | Got a scintillating silver ring
 36838 | Swamp:4  | Identified the ring of Susy {Fire +Blink MR+ Int-5} (You found it on level 4 of the Swamp)
 36852 | Swamp:4  | Noticed Donald
 36862 | Swamp:4  | Killed Donald
 37131 | Swamp:4  | Noticed a bone dragon
 37148 | Swamp:4  | Killed a bone dragon
 37340 | Swamp:4  | Got a decaying rune of Zot
 37813 | Vaults:1 | Entered Level 1 of the Vaults
 37920 | Vaults:1 | Received a gift from Okawaru
 37955 | Vaults:1 | HP: 7/191 [phantasmal warrior[a death knight] (26)]
 37962 | Vaults:1 | Slain by a phantasmal warrior

Inventory:

Missiles
 a - 24 large rocks (quivered)
 d - 4 throwing nets
 O - 8 javelins
Armour
 o - the +1 ice dragon scales "Upafruth" {rF- rC++ MR++ Stlth-}
   (You found it in an ice cave)

   It makes you vulnerable to fire.
   It greatly protects you from cold.
   It affects your resistance to hostile enchantments.
   It makes you less stealthy.
 p - a +2 robe of resistance (worn)
 u - a +0 shield of positive energy (worn)
 y - a +2 cloak of poison resistance (worn)
 J - a +2 hat of intelligence (worn)
Rods
 E - a -1 rod of shadows (10/10)
   (You took it off a spriggan on level 6 of the Lair of Beasts)
Jewellery
 e - the ring "Zumeati" {+Inv rElec rF+ Str-3 Dex-3}
   (You bought it in a shop on level 2 of the Snake Pit)

   [ring of protection from fire]

   It affects your strength (-3).
   It affects your dexterity (-3).
   It protects you from fire.
   It insulates you from electricity.
   It lets you turn invisible.
 f - an uncursed ring of protection from fire
 i - an uncursed ring of see invisible
 m - a ring of protection from magic (left claw)
 n - an uncursed ring of positive energy
 r - the amulet of Vitality (around neck) {Regen+ HP+15}
   (You bought it in a shop on level 2 of the Snake Pit)

   [amulet of regeneration]

   It affects your health (+15).
   It increases your rate of regeneration.
 D - an uncursed ring of flight
 W - a ring of resist corrosion (right claw)
Wands
 s - a wand of acid (9/15)
 t - a wand of digging (15/24)
 w - a wand of iceblast (4/15)
 B - a wand of iceblast (1/15)
 H - a wand of lightning (8/15)
 K - a wand of lightning (7/15)
 L - a wand of lightning (2/15)
 P - a wand of digging (2/24)
 Q - a wand of paralysis (11/24)
 T - a wand of lightning (6/15)
 Y - a wand of enslavement (6/24)
Scrolls
 c - 3 scrolls of fear
 j - 2 scrolls of summoning
 k - 6 scrolls of recharging
 v - 8 scrolls of magic mapping
 x - 5 scrolls of teleportation
 M - a scroll of blinking
 R - a scroll of silence
 S - a scroll of remove curse
 X - 8 scrolls of identify
Potions
 b - 2 potions of cancellation
 g - 4 potions of curing
 z - a potion of invisibility
 A - 3 potions of might
 F - 3 potions of lignification
 G - a potion of agility
 I - 2 potions of ambrosia
 N - a potion of berserk rage
 U - 3 potions of haste
 Z - 5 potions of flight
Miscellaneous
 h - a sack of spiders
 V - a phial of floods
Comestibles
 l - 14 meat rations
 q - 14 bread rations


   Skills:
 + Level 10.4(15.4) Fighting
 - Level 10.0(15.0) Throwing
 - Level 9.4(14.4) Armour
 - Level 10.4(15.4) Dodging
 - Level 0.3(5.3) Stealth
 + Level 8.5(13.5) Shields
 + Level 16.3(21.3) Unarmed Combat
 - Level 3.0 Invocations
 - Level 13.5 Evocations


You had 17 spell levels left.
You didn't know any spells.

Dungeon Overview and Level Annotations

Branches:
Dungeon (15/15)            Temple (1/1) D:4            Lair (6/6) D:8
  Swamp (4/4) Lair:2        Snake (4/4) Lair:3        Slime (0/5) Lair:6
    Orc (2/2) D:9             Elf (0/3) Orc:2        Vaults (1/5) D:14
 Depths (0/5) D:15

Altars:
Ashenzari
Cheibriados
Dithmenos
Elyvilon
Fedhas
Gozag
Hepliaklqana
Kikubaaqudgha
Makhleb
Nemelex Xobeh
Okawaru
Qazlal
Ru
Sif Muna
Trog
Uskayaw
Vehumet
Xom
Yredelemnul
Zin
The Shining One

Shops:
D:7 ?   D:8 [   D:15 *   Orc:2 ?[?[   Snake:2 =*%

Annotations:
D:8 exclusion: 2 doors
Lair:2 exclusion: hydra


Innate Abilities, Weirdness & Mutations

You are too large for most types of armour.
You have claws for hands.
Your metabolism is lightning-fast.
You like to eat raw meat.
Your natural rate of healing is unusually fast.
You are covered in fur. (AC +1)
You have very tough skin. (AC +2)
Your skin changes colour to match your surroundings (Stealth+).
Your muscles are strong. (Str +2)

Vault maps used:
D:1:      eino_arrival_cavern_b
D:2:      makhleb_blood_cavern_becter, minmay_box_of_dots
D:3:      ashenzari_conservatory_becter, first_bread
D:4:      uniq_robin, uniq_pikel, uniq_eustachio
D:5:      yredelemnul_forgotten_temple_becter, nicolae_overflow_hidden_temple,
          roderic_lattice_a, uniq_menkaure
D:6:      uniq_grinder, uniq_crazy_yiuf_cottage
D:7:      serial_shops, shop_scrolls, minmay_small_thing
D:8:      overflow_temple_1_default, lair_0_dummy, serial_shops, shop,
          blue_anna_alchemist, uniq_psyche
D:9:      fedhas_altar_4, lemuel_crystal_altar, orc_0_dummy
D:10:     centaur_isle
D:11:     uniq_harold
D:12:     enter_bailey_1, lightli_airlock
D:13:     st_stairs_9, kennysheep_nub, uniq_sonja
D:14:     wad_cavern_with_rooms, david_vaults_4, nicolae_wwwww
D:15:     grunt_enter_depths_giant_problem, serial_shops,
          nicolae_shop_overgrown_old_shop
Temple:   cyrus_circular_temple
Lair:1:   lemuel_fruit_fields
Lair:2:   swamp_mist, infiniplex_staircase_pool
Lair:3:   guppyfry_snake_entry_garden
Lair:5:   cheibrodos_lair_lostbears, grunt_megastairs_1
Lair:6:   minmay_lair_end_enchanted_forest, minmay_slime_entry_jelly_boxes,
          grunt_megastairs_5
Swamp:1:  evilmike_swamp_ruin_house_1
Swamp:2:  nicolae_swamp_treefoil, swamp_pool5, st_swamp_ruins_4
Swamp:3:  evilmike_swamp_ruin_house_4, swamp_pool1, infiniplex_staircase_pool_2
Swamp:4:  swamp_pestilence, swamp_pool4, uniq_donald
Snake:1:  spider_trap, uniq_azrael, uniq_asterion, uniq_frances, uniq_nikola,
          uniq_kirke
Snake:2:  minmay_shop_star, uniq_agnes
Snake:3:  lemuel_fruit_tree
Snake:4:  grunt_snake_rune_serpentine_throne
Orc:1:    mines2_lemuel
Orc:2:    st_orc_rangers, portal_ice_cave_entry_pillars_2
Vaults:1: vaults_mumra_minichess_inversion, v_misc_25, ontoclasm_vaults_gallery,
          nicolae_vaults_bisected_inception, ontoclasm_vaults_gateway,
          v_misc_30, v_misc_11, nicolae_vaults_network_barrier, v_misc_14,
          dpeg_vaults_monster_row, nicolae_vaults_circle_grid_a,
          nicolae_vaults_little_squares_1, serial_shops,
          nicolae_shop_temple_entry_statues_fountains
Bailey:   bailey_axe_of_yendor_kennysheep, bailey
IceCv:    ice_cave_statue_garden_chambered


Message History

You block the phantasmal warrior's attack.
You barely miss the phantasmal warrior.
The phantasmal warrior is severely damaged.
The deep elf sorcerer completely misses you.
The phantasmal warrior barely misses you.
The deep elf mage gestures wildly while chanting.
The deep elf mage blinks!
You claw the deep elf sorcerer!
The deep elf sorcerer is lightly wounded.
The deep elf sorcerer hits you but does no damage.
The deep elf mage gestures wildly while chanting.
You mangle the deep elf sorcerer!!
The deep elf sorcerer is heavily wounded.
The deep elf sorcerer closely misses you.
The phantasmal warrior completely misses you.
The deep elf mage gestures wildly while chanting.
You scratch the deep elf sorcerer but do no damage.
The deep elf sorcerer is heavily wounded.
The deep elf sorcerer points at you and mumbles some strange words.
You resist with significant effort.
You block the phantasmal warrior's attack.
You closely miss the deep elf sorcerer.
The deep elf sorcerer is heavily wounded.
You block the deep elf sorcerer's attack.
You block the death knight's attack. The phantasmal warrior hits you!
Unknown command.
You mangle the deep elf sorcerer!!
The deep elf sorcerer is almost dead.
The deep elf sorcerer hits you with a dagger!
The deep elf sorcerer completely misses you.
Unknown command.
You claw the deep elf sorcerer!
The deep elf sorcerer is almost dead.
You block the phantasmal warrior's attack.
You block the death knight's attack.
The deep elf sorcerer hits you with a dagger!
Unknown command.
You miss the deep elf sorcerer.
The deep elf sorcerer is almost dead.
The death knight's dark mirror aura disappears.
The deep elf mage mumbles some strange words.
The deep elf mage blinks!
The phantasmal warrior hits you but does no damage.
The deep elf sorcerer gestures at you while chanting.
You resist with significant effort.
You eviscerate the deep elf sorcerer!!!
You kill the deep elf sorcerer!
Okawaru accepts your kill. You block the death knight's attack.
The deep elf mage gestures at you while chanting.
The magic dart hits you!
* * * LOW HITPOINT WARNING * * *
The battlesphere fires!
The barrage of energy hits you!
* * * LOW HITPOINT WARNING * * *
The phantasmal warrior closely misses you.
Unknown command.
You scratch the phantasmal warrior but do no damage.
The phantasmal warrior is severely damaged.
You block the phantasmal warrior's attack.
The phantasmal warrior blinks!
The death knight hits you but does no damage.
Unknown command.
You gain the combat prowess of a mighty hero.
The phantasmal warrior closely misses you.
Unknown command.
You eviscerate the phantasmal warrior!!!
You destroy the phantasmal warrior!
Okawaru accepts your kill.
The deep elf mage casts a spell.
The death knight hits you with a broad axe!!
* * * LOW HITPOINT WARNING * * *
The phantasmal warrior blinks!
You closely miss the hell rat.
Unknown command.
Okay, then.
Unknown command.
Blink to where?
Press: ? - help, Dir - move target cursor You are very lightly contaminated with residual magic.
As you read the scroll of blinking, it crumbles to dust.
Unknown command.
The deep elf mage casts a spell.
The phantasmal warrior blinks!
You hear a blaring wail to the west.
You hear a shout!
You hear an angry hiss.
You hear a shout! x6
The phantasmal warrior blinks!
The phantasmal warrior hits you!!
* * * LOW HITPOINT WARNING * * *
Unknown command.
You feel better.
The phantasmal warrior completely misses you.
Unknown command.
You block the hell rat's attack.
The deep elf mage casts a spell.
The phantasmal warrior completely misses you.
The phantasmal warrior blinks!
The phantasmal warrior hits you!
* * * LOW HITPOINT WARNING * * *
The phantasmal warrior hits you!
You die...

##########
[.)......#
...rs....#
#+#s'##### ....W.§#
##### ..ee##p#
##...## ....§#.#
##r..s.##
####...###..###.W##
#...##Y.##.##@.##
#...e..##...##..#
#..e#p.#.∩...)).#
#...#..##...##..#
######..##.##..##
#...###..###..##
'...# ##...).##
.e...# ##...##
.e#... #####


You could see a phantasmal warrior and a redback.

Vanquished Creatures
  Nikola (Lair:3)
  A bone dragon (Swamp:4)
  Asterion (Lair:3)
  Frances (Snake:1)
  3 thorn hunters
  Agnes (Snake:2)
  Kirke (Snake:1)
  A storm dragon (D:12)
  Donald (Swamp:4)
  9 nagarajas
  A fire giant (D:15)
  A deep elf sorcerer (Vaults:1)
  A very ugly thing (Swamp:4)
  An ironheart preserver (Vaults:1)
  Azrael (Snake:1)
  A fire dragon (D:14)
  An ice dragon (D:14)
  12 naga warriors
  15 hydras
  A catoblepas (Lair:6)
  Harold (D:11)
  The ghost of Kenran the Martial Artist, a journeyman DgTm (D:10)
  The ghost of Azzok the Warrior, a journeyman GrFi of the Shining One (IceCv)
  2 ghost crabs (Swamp:4)
  A centaur warrior (D:15)
  23 anacondas
  10 alligators
  The ghost of dobroeutro the Unseen, a journeyman SpAs of Dithmenos (Lair:3)
  An orc high priest (Orc:1)
  A death yak (Lair:3)
  2 tengu warriors
  15 naga sharpshooters
  9 shock serpents
  A deep elf knight (D:14)
  Sonja (D:13)
  3 salamander mystics
  5 skeletal warriors (Vaults:1)
  4 unseen horrors
  A shambling mangrove (Swamp:4)
  A lindwurm (Lair:4)
  7 swamp dragons
  2 spectral hydras (Swamp:4)
  7 naga ritualists
  A wizard (D:13)
  5 orc knights
  3 phantasmal warriors
  7 mana vipers
  Pikel (D:4)
  8 hill giants
  A wolf spider (D:15)
  6 ugly things
  9 elephants
  11 salamanders
  38 black mambas
  14 guardian serpents
  A cyclops (D:13)
  3 ice statues (IceCv)
  22 naga magi
  A torpor snail (Lair:4)
  14 spiny frogs
  A vault sentinel (Vaults:1)
  A gargoyle (D:14)
  4 kobold demonologists
  Psyche (D:8)
  The ghost of dscm the Ducker, a novice OpFi (D:5)
  2 rime drakes (Lair:4)
  8 komodo dragons
  An efreet (D:15)
  5 swamp worm zombies (Swamp:4)
  A tengu conjurer (D:13)
  10 polar bears
  3 meliai
  A meliai (shapeshifter) (D:14)
  A jumping spider (shapeshifter) (D:14)
  6 hydra zombies (Swamp:4)
  The ghost of dobroeutro the Skirmisher, an amateur CeFi (D:6)
  7 tyrant leeches
  11 hornets
  9 trolls
  14 slime creatures
  2 alligator zombies (Swamp:4)
  3 spectral swamp dragons (Swamp:4)
  4 two-headed ogres
  Grinder (D:6)
  13 hippogriffs
  4 blink frogs
  11 bog bodies
  2 shadows
  A redback (Lair:6)
  15 spriggans
  Eustachio (D:4)
  2 wyverns
  44 yaks
  2 basilisks
  2 wraiths
  2 hogs (Snake:1)
  2 hungry ghosts
  23 vampire mosquitoes
  2 wargs (Orc:2)
  Menkaure (D:5)
  2 mottled dragons
  8 swamp worms
  64 nagas
  8 insubstantial wisps
  2 soldier ants
  6 hell hounds (Lair:3)
  12 swamp drakes
  12 water moccasins
  4 porcupines
  38 orc warriors
  A slave (D:4)
  8 ice beasts
  An eye of draining (D:12)
  9 ogres
  7 sky beasts
  A swamp dragon zombie (Swamp:4)
  2 black bears
  17 centaurs
  10 phantoms
  3 boggarts (Lair:6)
  22 wolves
  11 crocodiles
  3 big kobolds
  18 bullfrogs
  A wyvern zombie (D:11)
  5 scorpions
  17 killer bees
  9 wights
  4 howler monkeys
  14 jellies
  4 crimson imps
  2 bullfrog zombies
  7 hounds
  A centaur zombie (D:5)
  21 orc priests
  Crazy Yiuf (D:6)
  5 bullfrog skeletons
  5 centaur skeletons
  6 hell rats
  6 iguanas
  19 orc wizards
  2 spectral swamp drakes (Swamp:4)
  4 worker ants
  A hound zombie (D:5)
  2 hound skeletons
  Robin (D:4)
  2 howler monkey skeletons
  A worker ant zombie (D:6)
  6 gnolls
  13 adders
  A swamp drake zombie (Swamp:4)
  5 shadow imps
  2 oozes (Lair:6)
  An adder skeleton (D:4)
  5 worms
  4 dart slugs
  7 leopard geckos
  105 orcs
  A ball python (D:6)
  8 giant cockroaches
  11 goblins
  9 hobgoblins
  20 jackals
  15 kobolds
  2 quokkas
  8 bats
  3 frilled lizards
  A jackal zombie (D:7)
  A quokka skeleton (D:5)
  A quokka zombie (D:9)
  11 rats
  A spectral orc (D:5)
  A plant (Lair:3)
1176 creatures vanquished.

Vanquished Creatures (collateral kills)
  A naga sharpshooter (Snake:4)
  A salamander (Snake:3)
  A naga mage (Snake:4)
3 creatures vanquished.

Vanquished Creatures (others)
  A shock serpent (Snake:4)
  4 humans (Snake:1)
  A naga (Snake:1)
  A hell hound (Snake:1)
  A swamp drake (Swamp:4)
  A gnoll (D:4)
  A leopard gecko (D:4)
  An orc (Orc:2)
  A quokka (D:12)
  2 briar patches (Swamp:4)
  13 fungi
  8 plants
35 creatures vanquished.

Grand Total: 1214 creatures vanquished

Action                   |  1- 3 |  4- 6 |  7- 9 | 10-12 | 13-15 | 16-18 || total
-------------------------+-------+-------+-------+-------+-------+-------++-------
Melee: Unarmed           |    91 |   149 |   245 |   664 |  1548 |  1652 ||  4349
       Punch             |       |     1 |    15 |    43 |    85 |       ||   144
Throw: Large rock        |       |     4 |    16 |    14 |    48 |   109 ||   191
Invok: Heroism           |       |       |     1 |     7 |    38 |    43 ||    89
       Finesse           |       |       |       |       |     2 |       ||     2
Evoke: Wand              |       |       |     1 |     4 |    39 |    19 ||    63
  Use: Scroll            |       |     6 |    13 |    12 |    24 |    12 ||    67
       Potion            |       |       |       |     2 |     5 |     2 ||     9
 Stab: Sleeping          |       |    10 |     7 |     5 |       |     2 ||    24
       Paralysed         |       |       |       |     3 |    11 |       ||    14
       Petrified         |       |       |       |     1 |       |       ||     1
       Distracted        |       |       |       |       |     2 |     1 ||     3
  Eat: Chunk             |    13 |    15 |    28 |    64 |    91 |    43 ||   254
       Pizza             |       |       |       |     2 |       |       ||     2
       Beef jerky        |       |       |       |     1 |     2 |     1 ||     4
       Meat ration       |       |       |       |       |     4 |     3 ||     7
       Bread ration      |       |       |       |       |     2 |     7 ||     9
       Royal jelly       |       |       |       |       |     2 |     1 ||     3
       Fruit             |       |       |       |       |       |     6 ||     6
Armor: Robe              |    38 |    35 |    62 |   197 |   221 |   171 ||   724
       Ice dragon scales |       |       |       |       |   288 |   266 ||   554
Dodge: Dodged            |    48 |    55 |    95 |   359 |   809 |   764 ||  2130
Block: Shield            |       |       |       |       |   223 |   846 ||  1069

Action                   |  1- 3 |  4- 6 |  7- 9 | 10-12 | 13-15 | 16-18 || total
-------------------------+-------+-------+-------+-------+-------+-------++-------
Melee: Unarmed           |    91 |   149 |   245 |   664 |  1548 |  1652 ||  4349
       Punch             |       |     1 |    15 |    43 |    85 |       ||   144
Throw: Large rock        |       |     4 |    16 |    14 |    48 |   109 ||   191
Invok: Heroism           |       |       |     1 |     7 |    38 |    43 ||    89
       Finesse           |       |       |       |       |     2 |       ||     2
Evoke: Wand              |       |       |     1 |     4 |    39 |    19 ||    63
  Use: Scroll            |       |     6 |    13 |    12 |    24 |    12 ||    67
       Potion            |       |       |       |     2 |     5 |     2 ||     9
 Stab: Sleeping          |       |    10 |     7 |     5 |       |     2 ||    24
       Paralysed         |       |       |       |     3 |    11 |       ||    14
       Petrified         |       |       |       |     1 |       |       ||     1
       Distracted        |       |       |       |       |     2 |     1 ||     3
  Eat: Chunk             |    13 |    15 |    28 |    64 |    91 |    43 ||   254
       Pizza             |       |       |       |     2 |       |       ||     2
       Beef jerky        |       |       |       |     1 |     2 |     1 ||     4
       Meat ration       |       |       |       |       |     4 |     3 ||     7
       Bread ration      |       |       |       |       |     2 |     7 ||     9
       Royal jelly       |       |       |       |       |     2 |     1 ||     3
       Fruit             |       |       |       |       |       |     6 ||     6
Armor: Robe              |    38 |    35 |    62 |   197 |   221 |   171 ||   724
       Ice dragon scales |       |       |       |       |   288 |   266 ||   554
Dodge: Dodged            |    48 |    55 |    95 |   359 |   809 |   764 ||  2130
Block: Shield            |       |       |       |       |   223 |   846 ||  1069
